 Dungeon Sprint DCSS version 0.17-a0-129-g9432df0 (webtiles) character file.

130 Ololoev the Severer (level 7, -1/57 HPs)
             Began as a Hill Orc Fighter on Mar 24, 2015.
             Was a High Priest of Makhleb.
             Slain by a naga warrior (9 damage)
             ... in the Dungeon (Sprint VI: "Thunderdome").
             The game lasted 00:06:41 (731 turns).

Ololoev the Severer (Hill Orc Fighter)               Turns: 731, Time: 00:06:42

Health: -1/57      AC:  8    Str: 22    XL:     7   Next: 54%
Magic:  7/7        EV: 10    Int: 12    God:    Makhleb [*****.]
Gold:   58         SH:  7    Dex: 11    Spells: 0 memorised, 6 levels left

rFire  . . .     SeeInvis .     a - +0 war axe
rCold  . . .     Clarity  .     b - +0 scale mail
rNeg   . . .     SustAb   .     e - +1 buckler of the Enchanted Forest {Regen+ Str+2 Int+4}
rPois  .         Gourm    .     (no helmet)
rElec  .         Spirit   .     (no cloak)
rCorr  .         Warding  .     (no gloves)
rMut   .         NoTele   +     (no boots)
MR     .....                    (no amulet)
Stlth  ..........               (no ring)
                                (no ring)

@: lethally poisoned (-1 -> -1), very slightly contaminated, hasted,
constricted, very quick, not resistant to hostile enchantments, extremely
unstealthy
A: no striking features
a: Minor Destruction, Lesser Servant of Makhleb, Major Destruction, Greater
Servant of Makhleb, Renounce Religion


You were in the Dungeon.
You worshipped Makhleb.
Makhleb was extremely pleased with you.
You were not hungry.

You visited 1 branch You collected 390 gold pieces.
You spent 332 gold pieces at shops.

Notes
Turn   | Place    | Note
--------------------------------------------------------------
     0 | D        | Ololoev, the Hill Orc Fighter, began the quest for the Orb.
     0 | D        | Reached XP level 1. HP: 19/19 MP: 1/1
     0 | D        | Found a stormy altar of Qazlal.
     0 | D        | Found a sacrificial altar of Ru.
     5 | D        | Found a blossoming altar of Fedhas.
     5 | D        | Found a radiant altar of Vehumet.
     5 | D        | Round 1.
     6 | D        | Found a viscous altar of Jiyva.
     6 | D        | Found a deep blue altar of Sif Muna.
     6 | D        | Found Pegajare's Magic Scroll Shop.
     6 | D        | Found Psicoladd's Magic Scroll Shop.
     7 | D        | Found a glowing golden altar of the Shining One.
     7 | D        | Found Ysixui's Staff Store.
     7 | D        | Found Stealemi's Must-Have Magic.
     9 | D        | Found Satuj's Bee Food.
    10 | D        | Found Watimit's Jewellery.
    10 | D        | Found an opulent altar of Gozag.
    11 | D        | Found a shadowy altar of Dithmenos.
    12 | D        | Found Qaho's Advanced Armour.
    12 | D        | Found Bageliva's Identification Station.
    12 | D        | Noticed a jelly
    14 | D        | Found a shimmering altar of Xom.
    16 | D        | Found Kag Loet's Premium Goods.
    17 | D        | Found a corrupted altar of Lugonu.
    17 | D        | Found Hawkuxul's Miscellaneous Merchandise.
    18 | D        | Found a snail-covered altar of Cheibriados.
    19 | D        | Found Suocwat's Weapon Rack.
    19 | D        | Found Ehoib's Basic Armour.
    20 | D        | Found a basalt altar of Yredelemnul.
    21 | D        | Found a burning altar of Makhleb.
    22 | D        | Found a glowing silver altar of Zin.
    23 | D        | Found Kley's Do-It-Yourself Clinic.
    24 | D        | Found Quidd's Bottled Wisdom.
    24 | D        | Found an iron altar of Okawaru.
    25 | D        | Found an ancient bone altar of Kikubaaqudgha.
    26 | D        | Found a bloodstained altar of Trog.
    27 | D        | Found Trusaij's Distillery.
    27 | D        | Found Qovetwiv's Distillery.
    30 | D        | Became a worshipper of Makhleb the Destroyer
    37 | D        | Killed a jelly
    37 | D        | Reached skill level 8 in Axes
    37 | D        | Reached XP level 2. HP: 10/26 MP: 2/2
    37 | D        | Reached XP level 3. HP: 11/31 MP: 3/3
   105 | D        | Acquired Makhleb's first power
   105 | D        | Reached skill level 10 in Axes
   105 | D        | Reached XP level 4. HP: 22/39 MP: 4/4
   155 | D        | Acquired Makhleb's second power
   155 | D        | Arena points: 12 (+12) [x2]
   185 | D        | Round 2.
   198 | D        | Reached skill level 11 in Axes
   238 | D        | Reached skill level 12 in Axes
   238 | D        | Reached XP level 5. HP: 12/45 MP: 5/5
   270 | D        | Acquired Makhleb's third power
   309 | D        | Reached skill level 13 in Axes
   315 | D        | Arena points: 48 (+36) [x3]
   343 | D        | Round 3.
   362 | D        | Noticed a water moccasin
   376 | D        | Killed a water moccasin
   376 | D        | Acquired Makhleb's fourth power
   376 | D        | Reached skill level 14 in Axes
   376 | D        | Reached skill level 5 in Shields
   376 | D        | Reached XP level 6. HP: 13/51 MP: 6/6
   402 | D        | Noticed a water moccasin
   403 | D        | Killed a water moccasin
   449 | D        | Noticed a naga mage
   459 | D        | Killed a naga mage
   459 | D        | Acquired Makhleb's fifth power
   459 | D        | Reached skill level 15 in Axes
   459 | D        | Reached XP level 7. HP: 57/57 MP: 7/7
   488 | D        | Arena points: 66 (+18) [x1]
   503 | D        | Round 4.
   648 | D        | Arena points: 130 (+64) [x2]
   672 | D        | Bought a translucent buckler for 332 gold pieces
   681 | D        | Round 5.
   682 | D        | Identified the +1 buckler of the Enchanted Forest {Regen+ Str+2 Int+4} (You bought it in a shop in the Dungeon)
   713 | D        | Noticed a naga warrior
   722 | D        | HP: 2/57 [naga warrior (2)]
   731 | D        | Slain by a naga warrior

Inventory:

Hand weapons
 a - a +0 war axe (weapon)
Armour
 b - a +0 scale mail (worn)
 e - the +1 buckler of the Enchanted Forest (worn) {Regen+ Str+2 Int+4}
   (You bought it in a shop in the Dungeon)

   It affects your strength (+2).
   It affects your intelligence (+4).
   It increases your rate of regeneration.
Scrolls
 k - 3 scrolls of blinking
 o - 3 scrolls of fog
Potions
 h - 3 potions of haste
 i - 2 potions of magic
 l - a potion of resistance
Comestibles
 d - a meat ration

Table legend:
 A = Turns spent in this place as a percentage of turns spent in the entire game.
 B = Non-inter-level travel turns spent in this place as a percentage of non-inter-level travel turns spent in the entire game.
 C = Inter-level travel turns spent in this place as a percentage of turns spent in this place.
 D = Turns resting spent in this place as a percentage of non-inter-level travel turns spent in this place.
 E = Turns spent auto-exploring this place as a percentage of non-inter-level travel turns spent in this place.
 F = Non-inter-level travel turns spent in this place divided by the number of levels of this place that you've seen.
                   A       B       C       D       E      F
               +-------+-------+-------+-------+-------+----------------------
         Total | 100.0 | 100.0 |   0.0 |   6.9 |   0.0 | 475.0
       Dungeon | 100.0 | 100.0 |   0.0 |   6.9 |   0.0 | 475.0
               +-------+-------+-------+-------+-------+----------------------


   Skills:
 - Level 3.6 Fighting
 + Level 15.3 Axes
 + Level 8.5 Armour
 - Level 8.4 Shields


You had 6 spell levels left.
You didn't know any spells.

Dungeon Overview and Level Annotations

Branches:
Dungeon (1/1)

Altars:
Cheibriados
Dithmenos
Fedhas
Gozag
Kikubaaqudgha
Makhleb
Okawaru
Qazlal
Ru
Sif Muna
Trog
Vehumet
Xom
Yredelemnul
Zin
The Shining One
Jiyva
Lugonu

Shops:
D *[%??*?*:[((!!!!


Message History

The naga warrior hits you. The naga warrior constricts you.
You hit the naga warrior!
The naga warrior is lightly wounded.
The naga warrior closely misses you. The naga warrior constricts you.
Drink which item? (? for menu, Esc to quit)
You feel yourself speed up.
You feel sick. The naga warrior hits you! The naga warrior constricts you.
You are very lightly contaminated with residual magic.
Drink which item? (? for menu, Esc to quit)
You feel much better.
Drink which item? (? for menu, Esc to quit)
You feel much better. The naga warrior barely misses you.
The naga warrior constricts you. The naga warrior blocks your attack.
The naga warrior is lightly wounded.
You feel sick. The naga warrior spits poison at you.
The splash of poison hits you!
You are more poisoned.
The naga warrior constricts you.
You closely miss the naga warrior.
The naga warrior is lightly wounded.
Unknown command.
You closely miss the naga warrior.
The naga warrior is lightly wounded.
You feel sick. You block the naga warrior's attack.
The naga warrior constricts you. The naga warrior blocks your attack.
The naga warrior is lightly wounded.
The naga warrior blocks your attack.
The naga warrior is lightly wounded.
The naga warrior hits you but does no damage.
The naga warrior constricts you.
You hit the naga warrior.
The naga warrior is lightly wounded.
You feel sick. The naga warrior blocks your attack.
The naga warrior is lightly wounded.
The naga warrior hits you!
You die...

#_.......
###........
#(......../
######.8........
##∩_._..(÷..###..
###∩.....(..8.# #.8
##.......(.....###..
#⌠......(...###...##
#⌠N@...%..).# #.<.#
#⌠..........###)..##
##......).(....###).
###∩........8.# #.8
##∩_._......###..
######.8........
#⌠.........
###........
#........


You could see a naga warrior.

Table legend:
 A = Kills in this place as a percentage of kills in entire the game.
 B = Kills by you in this place as a percentage of kills by you in the entire game.
 C = Kills by friends in this place as a percentage of kills by friends in the entire game.
 D = Other kills in this place as a percentage of other kills in the entire game.
 E = Experience gained in this place as a percentage of experience gained in the entire game.
 F = Experience gained in this place divided by the number of levels of this place that you have seen.
                   A       B       C       D       E      F
               +-------+-------+-------+-------+-------+----------------------
         Total | 100.0 | 100.0 |  -nan |  -nan | 100.0 | 932.0
       Dungeon | 100.0 | 100.0 |  -nan |  -nan | 100.0 | 932.0
               +-------+-------+-------+-------+-------+----------------------

Vanquished Creatures
  A naga mage (D)
  2 water moccasins (D)
  2 jellies (D)
  5 worker ants (D)
  An adder (D)
  3 oozes (D)
  A ball python (D)
  6 kobolds (D)
21 creatures vanquished.

Vanquished Creatures (others)
  A kobold (D)
1 creature vanquished.

Grand Total: 22 creatures vanquished

Action                   |  1- 3 |  4- 6 |  7- 9 || total
-------------------------+-------+-------+-------++-------
Melee: War axe           |     9 |    57 |    13 ||    79
Throw: Stone             |       |       |     1 ||     1
Evoke: Wand              |     2 |     3 |     5 ||    10
  Use: Potion            |       |     4 |     4 ||     8
       Scroll            |       |       |     1 ||     1

Vault maps used:
D:        arena_sprint
